 Dungeon Crawl Stone Soup version 0.10.4 character file.

3163 Chimkentus the Ruffian (level 9, -11/84 HPs)
             Began as a Troll Monk on Dec 30, 2023.
             Was a Priest of Okawaru.
             Killed by divine providence
             ... invoked by an orc priest
              (15 damage)
             ... on Level 4 of the Orcish Mines on Apr 12, 2024.
             The game lasted 01:17:24 (6526 turns).

Chimkentus the Ruffian (Troll Monk)                 Turns: 6526, Time: 01:17:24

HP -11/84        AC  6     Str 24      XL: 9   Next: 28%
MP   6/6         EV 18     Int  6      God: Okawaru [***...]
Gold 508         SH  0     Dex 17      Spells:  0 memorised,  8 levels left

Res.Fire  : . . .   See Invis. : .     - Unarmed
Res.Cold  : . . .   Warding    : . . E - +0 orc robe
Life Prot.: . . .   Conserve   : .   (shield restricted)
Res.Acid. : . . .   Res.Corr.  : .   (helmet restricted)
Res.Poison: .       Clarity    : .   F - +0 cloak
Res.Elec. : .       Spirit.Shd : .   (gloves unavailable)
Sust.Abil.: . .     Stasis     : .   (boots unavailable)
Res.Mut.  : .       Ctrl.Telep.: .   (no amulet)
Res.Rott. : .       Levitation : .   a - ring of hunger {unknown}
Gourmand  : +       Ctrl.Flight: .   t - ring of wizardry

@: agile, slightly resistant to hostile enchantments, quite stealthy
A: unfitting armour, claws 3, fast metabolism 3, gourmand, regeneration 2,
saprovore 2, tough skin 2, AC +1
a: Heroism, Renounce Religion


You were on level 4 of the Orcish Mines.
You worshipped Okawaru.
Okawaru was greatly pleased with you.
You were completely stuffed.

You visited 3 branches of the dungeon, and saw 11 of its levels.

You collected 572 gold pieces.
You spent 64 gold pieces at shops.

Inventory:

Hand weapons
 K - a +2 orcish blowgun
Missiles
 j - 12 +0 sling bullets of flame
 l - 35 +0 sling bullets
 m - 6 +2 darts (quivered)
 s - 43 +0 darts
 v - 21 poisoned +0 arrows
 w - 43 +0 stones
 D - 39 +1 darts
Armour
 E - a +0 orcish robe (worn)
 F - a +0 cloak (worn)
Magical devices
 L - a wand of polymorph other (2)
 T - a wand of digging (6) {unknown}
Comestibles
 b - 2 meat rations
 f - 2 apples
 n - 14 strawberries
 q - a choko
 r - a rotting chunk of goblin flesh
 A - a slice of pizza
 C - 4 bread rations
 M - 9 grapes
 Q - a chunk of warg flesh
 R - a chunk of orc flesh
 V - 3 rotting chunks of orc flesh
 X - 7 chunks of orc flesh
Scrolls
 c - a scroll of amnesia {unknown}
 d - a scroll of random uselessness
 p - a scroll of identify {unknown}
 u - a scroll of teleportation {unknown}
 y - a scroll of enchant weapon II {unknown}
 B - a scroll of curse jewellery {unknown}
 H - a scroll of enchant armour {unknown}
 J - a scroll of curse weapon {unknown}
 N - a scroll of magic mapping {unknown}
 O - a scroll of fog {unknown}
 P - a scroll of recharging {unknown}
 S - a scroll of immolation {unknown}
Jewellery
 a - a ring of hunger (right claw) {unknown}
 t - a ring of wizardry (left claw)
Potions
 e - a potion of confusion {unknown}
 g - a potion of poison {unknown}
 h - a potion of mutation {unknown}
 i - a potion of might
 o - 2 potions of curing
 x - 2 potions of agility
 z - a potion of heal wounds {unknown}
 G - a potion of speed {unknown}
 I - a potion of restore abilities {unknown}
Magical staves
 k - a staff of fire {unknown}


   Skills:
 * Level 4.6 Fighting
 * Level 5.5 Throwing
 + Level 5.1 Dodging
 + Level 1.8 Stealth
 + Level 1.0 Stabbing
 + Level 0.9 Traps & Doors
 + Level 6.3 Unarmed Combat
 * Level 2.3 Invocations
 * Level 2.1 Evocations


You had 8 spell levels left.
You didn't know any spells.

Dungeon Overview and Level Annotations

Branches:
Dungeon (6/27)             Temple (1/1) D:5             Orc (4/4) D:6
    Elf (0/5) Orc:4

Altars:
Ashenzari
Cheibriados
Elyvilon
Fedhas
Kikubaaqudgha
Makhleb
Nemelex Xobeh
Okawaru
Sif Muna
Trog
Vehumet
Xom
Yredelemnul
Zin

Shops:
Orc:2: ( Orc:3: (

Annotations
Orc:4 Psyche


Innate Abilities, Weirdness & Mutations

You are too large for most types of armour.
You have claws for hands.
Your metabolism is lightning-fast.
You like to eat raw meat.
You heal very quickly.
You can eat rotten meat.
You are covered in fur (AC +1).
You have very tough skin (AC +2).


Message History

An orc comes into view. It is wielding an orcish mace.
Drink which item? (? for menu, Esc to quit)
You feel better. Psyche hits you with a runed dagger.
* * * LOW HITPOINT WARNING * * *
Psyche points at you and mumbles some strange words.
The puff of frost misses you.
You barely miss Psyche. Your punch misses Psyche. The orc closely misses you.
Psyche hits you with a runed dagger.
* * * LOW HITPOINT WARNING * * *
You blink.
The orc priest calls down the wrath of Beogh upon you.
Something smites you!
* * * LOW HITPOINT WARNING * * *
Psyche casts a spell.
Psyche seems to speed up.
Psyche points at you and mumbles some strange words.
The puff of flame misses you.
The orc priest calls down the wrath of Beogh upon you.
Something smites you!
You die...

..............
..............$.
.....o...........
..o....#...........
...oo......#.........
...oo.......$<.......
....o..#............#
#..................
#.........@........
#.$..#....oo...........
#. ##...oo..>........
###.............
###.o.....######
#..@.....## #........##
##.......# #...$...#


You could see Psyche, an orc priest and 4 orcs.

Vanquished Creatures
  Pikel (D:4)
  An orc sorcerer (Orc:4)
  4 orc warriors
  A slave (D:4)
  A centaur (D:5)
  The ghost of bimbombam the Skirmisher, an average MiFi (D:3)
  A sky beast (Temple)
  3 ogres
  3 wargs
  A giant frog (D:5)
  A vampire bat (Orc:2)
  A hound (D:5)
  3 orc priests (Orc:4)
  A scorpion (D:6)
  A hound skeleton (D:5)
  4 orc wizards
  2 worker ants (D:5)
  4 adders
  3 gnolls (D:5)
  An adder zombie (D:6)
  2 spectral bats (Orc:2)
  3 bat skeletons (Orc:2)
  A bat zombie (Orc:2)
  3 giant geckos
  An ooze (D:2)
  29 orcs
  24 bats
  3 fire bats (Orc:2)
  9 giant cockroaches
  13 hobgoblins
  3 jackals (D:5)
  6 quokkas
  3 ball pythons
  A bat simulacrum (Orc:2)
  7 giant newts
  18 goblins
  A hobgoblin skeleton (D:4)
  5 kobolds (D:2)
  6 rats
  A toadstool (D:4)
177 creatures vanquished.

Vanquished Creatures (others)
  An orc (D:3)
  A toadstool (D:6)
2 creatures vanquished.

Grand Total: 179 creatures vanquished

Notes
Turn   | Place    | Note
--------------------------------------------------------------
     0 | D:1      | Chimkentus, the Troll Monk, began the quest for the Orb.
     0 | D:1      | Reached XP level 1. HP: 20/20 MP: 0/0
   499 | D:1      | Reached XP level 2. HP: 28/28 MP: 0/0
   934 | D:2      | Reached XP level 3. HP: 35/35 MP: 1/1
   982 | D:2      | Reached skill level 1 in Throwing
  1459 | D:2      | Found a bloodstained altar of Trog.
  1819 | D:3      | Reached XP level 4. HP: 41/44 MP: 1/1
  1844 | D:3      | Noticed bimbombam's ghost (average MiFi)
  1891 | D:3      | Killed bimbombam's ghost
  1891 | D:3      | Reached XP level 5. HP: 22/50 MP: 1/1
  2708 | D:4      | Reached XP level 6. HP: 31/59 MP: 2/2
  2834 | D:4      | Reached skill level 5 in Unarmed Combat
  3095 | D:4      | Found a white marble altar of Elyvilon.
  3170 | D:4      | Noticed Pikel
  3312 | D:4      | Killed Pikel
  3312 | D:4      | Reached XP level 7. HP: 17/67 MP: 2/2
  3478 | D:5      | Entered Level 5 of the Dungeon
  3983 | D:5      | Reached skill level 1 in Stabbing
  4154 | D:5      | Found a staircase to the Ecumenical Temple.
  4172 | D:5      | Reached XP level 8. HP: 44/76 MP: 2/2
  4248 | Temple   | Entered the Ecumenical Temple
  4347 | Temple   | Became a worshipper of Warmaster Okawaru
  4347 | Temple   | Acquired Okawaru's first power
  4883 | D:6      | Found a staircase to the Orcish Mines.
  5002 | D:6      | Reached skill level 1 in Evocations
  5084 | D:6      | Found a burning altar of Makhleb.
  5178 | D:6      | Reached skill level 1 in Invocations
  5463 | D:5      | Reached skill level 6 in Unarmed Combat
  5536 | Orc:1    | Entered Level 1 of the Orcish Mines
  5613 | Orc:2    | Found Phoh Thu's Antique Weapon Shop.
  5718 | Orc:2    | Bought an orcish blowgun for 64 gold pieces
  6055 | Orc:3    | Found Ypyg's Antique Weapon Shoppe.
  6188 | Orc:4    | Entered Level 4 of the Orcish Mines
  6349 | Orc:4    | Reached skill level 5 in Throwing
  6389 | Orc:4    | Reached XP level 9. HP: 69/84 MP: 5/5
  6492 | Orc:4    | Reached skill level 5 in Dodging
  6512 | Orc:4    | Found a staircase to the Elven Halls.
  6512 | Orc:4    | Noticed Psyche
  6524 | Orc:4    | HP: 3/84 [orc priest/divine providence (12)]
  6526 | Orc:4    | Killed from afar by an orc priest
